cohdb
Replays
Latest Replays
All Replays
Popular Replays
Top Player Replays
Match Explorer
How It Works
Community
CoH3 Stats
Reddit
Sign in to upload your games and track your stats! →
Sign in with Steam
Match 43764449
Unlisted
Match 43764449
Overview
Messages
Build Orders
End
Panzergrenadier Squad
Selects Panzerjäger Kommand Battlegroup
250 Light Carrier
250 Light Carrier
Construct Light Support Kompanie
Combat Half-tracks
250 Light Carrier
Fire Support Elements
Selects Mine Fields
Selects Tank Busters
Assault Mechanized Group
Flakvierling Half-track
Panzerjäger Squad
Assault Grenadier Squad
Construct Mechanized Kompanie
Panzerjäger Squad
2.5-tonne Medical Truck
Selects Defensive Positions
Selects Butterfly Bomb Drop
Butterfly Bomb Drop
18-tonne Recovery Half-track
dizmo661
Аферист Федерико
S.L.1.N
Fatal1ty
anioki
roshawnkne
Camaneor
2289090854
0
0
Comments
sign in to comment!
No comments posted yet!